 Dungeon Crawl Stone Soup version 0.31.0-12-g77e489cdc1 (webtiles) character file.

Game seed: 2273706734637471141

63 Nahoo the Ruffian (level 3, 0/36 HPs)
             Began as a Troll Berserker on Feb 14, 2024.
             Was a Believer of Trog.
             Slain by an orc
             ... wielding a +0 falchion
              (4 damage)
             ... on level 3 of the Dungeon.
             The game lasted 00:06:26 (1543 turns).

Nahoo the Ruffian (Troll Berserker)                 Turns: 1543, Time: 00:06:26

Health: 0/36       AC:  4    Str: 27    XL:     3   Next: 89%
Magic:  0/0        EV: 10    Int:  3    God:    Trog [**....]
Gold:   151        SH:  0    Dex:  9    Spells: 2/2 levels left

rFire   . . .        b - +2 war axe (antimagic)
rCold   . . .        (no shield)
rNeg    . . .        a - +0 animal skin
rPois   .            (helmet currently unavailable)
rElec   .            (cloak currently unavailable)
rCorr   .            (gloves unavailable)
SInv    .            (boots unavailable)
Will    .....        (no amulet)
Stlth   +            (no ring)
HPRegen 1.06/turn    (no ring)
MPRegen 0.07/turn

%: no passive effects
@: confused, lethally poisoned (0 -> -15), beast-form, ambrosia-drunk
A: beast (slay +0), large, unfitting armour, claws 3, regeneration 1, shaggy fur
1, tough skin 1
a: Begin Untransformation, Renounce Religion, Berserk, Trog's Hand


You were on level 3 of the Dungeon.
You worshipped Trog.
Trog was pleased with you.
You were a hulking beast.
You visited 1 branch of the dungeon, and saw 3 of its levels.

You collected 151 gold pieces.

Inventory:

Hand Weapons
 b - a +2 antimagic war axe (weapon)
Armour
 a - a +0 animal skin (worn)
 d - a +0 pair of gloves
 e - a +0 leather armour
Talismans
 f - a beast talisman (active)
Scrolls
 c - 2 scrolls of immolation {unknown}
 g - 4 scrolls of identify {unknown}
 h - a scroll of noise {unknown}


   Skills:
 + Level 2.6 Fighting
 + Level 1.2 Axes
 + Level 2.8 Dodging
 + Level 3.2 Unarmed Combat
 * Level 1.4 Shapeshifting


You had 2 spell levels left.
You didn't know any spells.
Your spell library was empty.

Dungeon Overview and Level Annotations

Branches:
Dungeon (3/15)

Altars:

Shops:
D:2 *

Annotations:
D:3 Sigmund


Innate Abilities, Weirdness & Mutations

You are a hulking beast.
Your limbs bulge with bestial killing power. (Slay +0)
You are too large for most types of armour.
You have claws for hands.
Your natural rate of healing is unusually fast.
You are covered in fur. (AC +1)
You have tough skin. (AC +1)


Message History

An orc comes into view. It is wielding a +0 club.
The orc shouts!
You hear a bark!
The orc hits you with a +0 mace. The orc hits you with a +0 falchion.
You're too confused to move!
You feel less confused. The orc hits you with a +0 mace.
Sigmund flickers, as though insubstantial.
Sigmund barely misses you. The orc closely misses you.
You slash the orc!
You kill the orc!
Trog accepts your kill.
You barely miss the orc.
Sigmund hits you from afar with a +4 scythe of venom.
You slash the orc!
You kill the orc!
Trog accepts your kill.
You barely miss the orc. x2; The orc hits you with a +0 falchion.
The orc closely misses you.
Sigmund hits you from afar with a +4 scythe of venom.
* * * LOW HITPOINT WARNING * * *
You are poisoned.
The orc hits you with a +0 falchion.
* * * LOW HITPOINT WARNING * * *
Okay, then.
It was a potion of ambrosia.
You are confused.
You feel invigorated.
You feel very sick. The orc hits you but does no damage.
The orc closely misses you.
Okay, then.
You are too confused!
You barely miss the orc. You miss the orc. You slash the orc!
You kill the orc!
Trog accepts your kill.
You feel sick.
Sigmund hits you from afar with a +4 scythe of venom!
* * * LOW HITPOINT WARNING * * *
You are lethally poisoned!
The orc barely misses you. The orc hits you with a +0 falchion.
You die...

##.. ... #########.#####
..............#
...........##.#
...........##.#
...........##.#
......oo...##.#####
.....@)h..........#####.
...............#........
...............#........
.##########.............
#.............
#........)....
#.............
#.............
#........###.#


You could see Sigmund and 2 orcs.

Vanquished Creatures
  An adder (D:2)
  2 ribbon worms (D:2)
  A dart slug (D:1)
  3 orcs (D:3)
  4 ball pythons
  2 bats (D:2)
  6 endoplasms
  2 giant cockroaches (D:2)
  4 goblins
  2 hobgoblins (D:1)
  4 jackals (D:2)
  2 quokkas
  5 frilled lizards
  2 kobolds
  2 rats (D:2)
42 creatures vanquished.

Notes
Turn   | Place    | Note
-------+----------+-------------------------------------------
     0 | D:1      | Nahoo the Troll Berserker began the quest for the Orb.
     0 | D:1      | Reached XP level 1. HP: 22/22 MP: 0/0
   125 | D:1      | Reached XP level 2. HP: 29/29 MP: 0/1
   984 | D:2      | Reached XP level 3. HP: 36/36 MP: 0/2
  1069 | D:2      | Reached skill level 1 in Shapeshifting
  1115 | D:2      | Reached ** piety under Trog
  1238 | D:2      | Found Bientof's General Store.
  1274 | D:2      | Reached skill level 1 in Axes
  1532 | D:3      | Noticed Sigmund
  1543 | D:3      | Slain by an orc

Illustrated notes

Levels and vault maps discovered:
D:1:      nzn_arrival_depleted_hourglass, layout_basic,
          nicolae_twisty_statue_hallways
D:2:      layout_basic, serial_shops, shop, corexii_item_surrounded_by_moat,
          hangedman_decor_points, minmay_cupped
D:3:      layout_basic, grunt_temple_overflow_open,
          mainiacjoe_overflow_large_starburst, kennysheep_generic_room_4,
          uniq_sigmund, uniq_jessica

Skill      XL: |  1  2  3 |
---------------+----------+-----
Shapeshifting  | 1 |  1.4
Axes           | 1 |  1.2
Fighting       | |  2.6
Dodging        | |  2.8
Unarmed Combat | |  3.2

Action                     || total
---------------------------++-------
  Melee: War axe           ||    99
         Punch             ||     1
    Use: Potion            ||     3
         Scroll            ||     1
   Stab: Sleeping          ||     1
 Armour: Animal skin       ||    80
  Dodge: Dodged            ||    65
   Form: Beast             ||     1
